 Dungeon Crawl Stone Soup version 0.31-a0-1620-gcbf77bbcfc (webtiles) character file.

Game seed: 14775446466558028939

289 theswoord the Twirler (level 6, 0/35 HPs)
             Began as a Gargoyle Gladiator on Jan 11, 2024.
             Was an Initiate of Hepliaklqana.
             Slain by an ogre
             ... wielding a +0 giant club
              (29 damage)
             ... on level 4 of the Dungeon.
             The game lasted 00:05:09 (2452 turns).

theswoord the Twirler (Gargoyle Gladiator)          Turns: 2452, Time: 00:05:10

Health: 0/35       AC: 11    Str: 18    XL:     6   Next: 31%
Magic:  6/6        EV: 10    Int:  8    God:    Hepliaklqana [......]
Gold:   129        SH:  0    Dex: 13    Spells: 5/5 levels left

rFire   . . .        a - +1 quarterstaff
rCold   . . .        (shield currently unavailable)
rNeg    + . .        n - +0 scale mail
rPois   ∞            c - +0 helmet
rElec   +            (no cloak)
rCorr   .            (no gloves)
SInv    .            (no boots)
Will    .....        (no amulet) Stlth
                     (no ring)
HPRegen 0.25/turn    (no ring)
MPRegen 0.10/turn

%: no passive effects
@: no status effects
A: sickness immunity, AC +4, negative energy resistance 1, electricity
resistance, torment resistance 1, petrification resistance
a: Renounce Religion


You were on level 4 of the Dungeon.
You worshipped Hepliaklqana.
Hepliaklqana was noncommittal.
You visited 1 branch of the dungeon, and saw 4 of its levels.

You collected 129 gold pieces.

Inventory:

Hand Weapons
 a - a +1 quarterstaff (weapon)
Missiles
 d - 3 throwing nets (quivered)
 e - a javelin
Armour
 b - a +0 leather armour
 c - a +0 helmet (worn)
 n - a +0 scale mail (worn)
Scrolls
 f - a scroll of teleportation
 i - a scroll of revelation
Potions
 g - a potion of attraction {unknown}


   Skills:
 - Level 2.1 Fighting
 + Level 6.9 Staves
 - Level 1.7 Throwing
 - Level 2.4 Dodging


You had 5 spell levels left.
You didn't know any spells.
Your spell library was empty.

Dungeon Overview and Level Annotations

Branches:
Dungeon (4/15)
 Temple: D:4-7

Altars:
Ashenzari
Fedhas
Hepliaklqana
Vehumet
Wu Jian
Zin

Shops:
D:1 *   D:4 [


Innate Abilities, Weirdness & Mutations

You are immune to sickness and miasma.
Your stone body is resilient. (AC +4)
You are immune to poison.
You resist negative energy. (rN+)
You are resistant to electric shocks. (rElec)
You are resistant to unholy torment.
You are immune to petrification.


Message History

No target in view!
No target in view!
No target in view!
No target in view!
No target in view!
Found a robe.
A jelly comes into view.
The jelly quivers.
A jelly is nearby!
Found a scroll of enchant weapon and a short sword.
The jelly hits you but does no damage.
You sock the jelly!
Your hands burn!
The jelly hits you but does no damage.
You hit the jelly.
Your hands burn!
The jelly hits you but does no damage.
You hit the jelly.
Your hands burn!
The jelly barely misses you.
You sock the jelly!
You kill the jelly!
No target in view!
A goblin comes into view. It is wielding a +0 club.
The goblin shouts!
A sleepcap comes into view.
There are monsters nearby!
There are monsters nearby!
There are monsters nearby!
Found Ujum's Armour Emporium.
The goblin hits you with a +0 club.
An ogre comes into view. It is wielding a +0 giant club.
The ogre shouts!
You hit the goblin.
You kill the goblin!
The sleepcap releases spores at you but does no damage.
You sock the sleepcap! The sleepcap barely misses you.
You hit the sleepcap. The sleepcap releases spores at you.
You sock the sleepcap!
The sleepcap releases spores at you but does no damage.
You hit the sleepcap.
You destroy the sleepcap!
The ogre closely misses you.
You barely miss the ogre.
The ogre hits you with a +0 giant club!!
Ouch! That really hurt!
You die...

#..........###.*****,,,
#.......#..##*,,,,,,,,,
#...#.........,,,,,,,,,
#...#.....####,,,,,,,,,
#####........,,,,,,,,,,
#.......####*,,,,,,,,,
#........####,,,,,,,,,
**####............,,,,,,,,,
**,........@O#####*,,,,,,,,,
**,,.......)...#,,,,,,,******
*,,.?..............,,,,*
*,,..)..............,,,*
*,,.................,,**
*,,,.........≈≈≈....,,*
*,,,........≈≈≈≈≈...,,*
*,,^........≈≈∩~≈...,,*
**,,,,,,,,,,~~,~~,,,,,*


You could see an ogre.

Vanquished Creatures
  A jelly (D:4)
  2 hounds (D:4)
  An orc wizard (D:3)
  A sleepcap (D:4)
  An iguana (D:4)
  2 adders
  2 ribbon worms
  3 dart slugs
  2 orcs (D:3)
  9 endoplasms
  3 giant cockroaches
  4 goblins
  7 hobgoblins
  9 jackals
  9 quokkas
  7 ball pythons
  6 bats
  A frilled lizard (D:2)
  8 kobolds
  9 rats
87 creatures vanquished.

Notes
Turn   | Place    | Note
-------+----------+-------------------------------------------
     0 | D:1      | theswoord the Gargoyle Gladiator began the quest for the
                  | Orb.
     0 | D:1      | Reached XP level 1. HP: 12/12 MP: 1/1
    11 | D:1      | Found Ziuv's Assorted Antiques.
   122 | D:1      | Reached XP level 2. HP: 17/17 MP: 2/2
   291 | D:1      | Reached skill level 4 in Staves
   309 | D:1      | Reached XP level 3. HP: 21/21 MP: 3/3
   979 | D:2      | Reached XP level 4. HP: 24/26 MP: 4/4
  1237 | D:2      | Reached skill level 5 in Staves
  1583 | D:3      | Found a blossoming altar of Fedhas.
  1597 | D:3      | Found a glowing silver altar of Zin.
  1599 | D:3      | Found a broken altar of Ashenzari.
  1653 | D:3      | Reached XP level 5. HP: 18/30 MP: 5/5
  1745 | D:3      | Found an ornate altar of the Wu Jian Council.
  1861 | D:3      | Found a hazy altar of Hepliaklqana.
  1962 | D:3      | Became a worshipper of Hepliaklqana the Forgotten
  2138 | D:3      | Found a radiant altar of Vehumet.
  2138 | D:3      | Identified the +2 robe of New Discoveries {Int+5}
  2260 | D:4      | Reached skill level 6 in Staves
  2278 | D:4      | Reached XP level 6. HP: 27/35 MP: 6/6
  2445 | D:4      | Found Ujum's Armour Emporium.
  2452 | D:4      | Slain by an ogre

Skill      XL: |  1  2  3  4  5 |
---------------+----------------+-----
Staves         | 4 5 6 |  6.9
Fighting       | |  2.1
Throwing       | |  1.7
Dodging        | |  2.4

Action                     |  1- 3 |  4- 6 || total
---------------------------+-------+-------++-------
  Melee: Quarterstaff      |   128 |   151 ||   279
    Use: Potion            |       |     6 ||     6
         Scroll            |       |     7 ||     7
   Stab: Sleeping          |     1 |       ||     1
 Armour: Leather armour    |    64 |     6 ||    70
         Scale mail        |       |   115 ||   115
  Dodge: Dodged            |    92 |    90 ||   182

Levels and vault maps discovered:
D:1:      psy_arrival_dodecagon, layout_basic, serial_shops, shop
D:2:      layout_basic
D:3:      layout_rooms, fedhas_altar_1, mainiacjoe_overflow_boulevard,
          lemuel_coloured_pillars_altar, nicolae_overflow_hidden_temple,
          chequers_serial_rivers_micro_e
D:4:      minmay_recursive_quarters, layout_rooms, serial_shops,
          nicolae_shop_waterfront, uniq_pikel
